 Dungeon Crawl Stone Soup version 0.31-a0-604-g8e0283293c (webtiles) character file.

Game seed: 4806920380601107085

3063 Turgor the Changeling (level 9, -2/87 HPs)
             Began as a Troll Shapeshifter on Aug 21, 2023.
             Was an Elder of Ru.
             Slain by a yak (16 damage)
             ... on level 8 of the Dungeon.
             The game lasted 00:26:05 (5996 turns).

Turgor the Changeling (Troll Shapeshifter)          Turns: 5996, Time: 00:26:05

Health: -2/87      AC:  4    Str: 27    XL:     9   Next: 57%
Magic:  8/8        EV: 11    Int:  6    God:    Ru [****..]
Gold:   363        SH:  0    Dex: 10    Spells: 8/8 levels left

rFire   . .          .
                       - Unarmed
rCold   . . .        (shield unavailable)
rNeg    . . .        a - +0 animal skin
rPois   +            (helmet restricted)
rElec   .            (no cloak)
rCorr   .            (gloves unavailable)
SInv    .            (boots unavailable)
Will    .....        p - amulet of the acrobat
Stlth   +            (ring unavailable)
HPRegen 1.14/turn    D - ring of poison resistance
MPRegen 0.11/turn

%: acrobat
@: flux-form, glowing
A: glow, contaminating, large, unfitting armour, claws 3, regeneration 1, shaggy
fur 1, tough skin 1, missing a hand, hated by all
a: Begin Untransformation, Renounce Religion, Draw Out Power, Power Leap


You were on level 8 of the Dungeon.
You worshipped Ru.
Ru was greatly pleased with you.
You were something dangerously unstable.
You visited 1 branch of the dungeon, and saw 8 of its levels.
You also visited: Sewer.

You collected 363 gold pieces.

Inventory:

Missiles
 q - 32 poisoned darts
 v - 12 boomerangs
Armour
 a - a +0 animal skin (worn)
 e - a +2 cloak of willpower
Jewellery
 p - an amulet of the acrobat (around neck)
 u - a ring of fire
 A - a +6 ring of dexterity
 D - a ring of poison resistance (right claw)
Talismans
 c - a beast talisman
 d - a flux talisman (active)
 i - a talisman of death
Wands
 m - a wand of polymorph (10) (quivered)
 w - a wand of flame (24)
Scrolls
 f - a scroll of blinking {unknown}
 g - a scroll of immolation {unknown}
 h - a scroll of revelation {unknown}
 l - 5 scrolls of teleportation
 r - a scroll of amnesia {unknown}
 s - a scroll of fog
 y - a scroll of enchant weapon {unknown}
Potions
 b - 2 potions of cancellation
 j - 3 potions of curing
 k - a potion of might
 n - a potion of enlightenment
 o - a potion of haste
 t - 2 potions of attraction
 x - a potion of brilliance
 z - a potion of heal wounds
 B - a potion of resistance
 C - a potion of magic {unknown}
 E - a potion of mutation {unknown}


   Skills:
 + Level 4.9 Fighting
 + Level 5.2 Dodging
 + Level 6.7 Unarmed Combat
 * Level 7.7 Shapeshifting


You had 8 spell levels left.
You didn't know any spells.
Your spell library contained the following spells:

 Spells                   Type           Power      Damage    Failure   Level
 Freeze                   Ice            0%         1d3       45%         1
 Sting                    Tmut/Pois      0%         1d3       45%         1
 Cigotuvi's Dreadful Rot  Necr/Pois/Air  0%         N/A       58%         2
 Frozen Ramparts          Ice            0%         1d1       83%         3
 Hailstorm                Conj/Ice       0%         3d3       83%         3
 Ignite Poison            Fire/Tmut/Pois 0%         N/A       83%         3
 Inner Flame              Hex/Fire       0%         N/A       83%         3
 Vhi's Electric Charge    Tloc/Air       0%         N/A       83%         3
 Volatile Blastmotes      Fire/Tloc      0%         2d10      83%         3
 Flame Wave               Conj/Fire      0%         2d4       99%         4
 Fulminant Prism          Conj/Hex       0%         3d5       99%         4
 Iskenderun's Mystic Bla  Conj/Tloc      0%         2d3       99%         4
 Sticky Flame             Conj/Fire      0%         2d3       99%         4
 Freezing Cloud           Conj/Ice/Air   0%         6-21      100%        5
 Summon Small Mammal      Summ           Unusable   N/A       N/A         1
 Call Canine Familiar     Summ           Unusable   N/A       N/A         3
 Summon Guardian Golem    Hex/Summ       Unusable   N/A       N/A         3

Dungeon Overview and Level Annotations

Branches:
Dungeon (8/15)             Temple (0/1) D:7           Sewer (visited)
   Lair: D:8-11

Altars:
Dithmenos
Elyvilon
Okawaru
Ru
Sif Muna
Vehumet
Wu Jian
Xom

Annotations:
D:8 Maurice


Innate Abilities, Weirdness & Mutations

You are something dangerously unstable.
You glow with magical radiation, making you easy to see and hit.
Foes you strike become dangerously contaminated with magical radiation.
You are incapable of wielding weapons or throwing items.
You are too large for most types of armour.
You have claws for hands.
Your natural rate of healing is unusually fast.
You are covered in fur. (AC +1)
You have tough skin. (AC +1)
You are missing a hand.
You are hated by all.


Message History

You claw the yak!
The yak begins to glow.
The yak is severely wounded.
The yak barely misses you. The yak gores you.
* * * LOW HITPOINT WARNING * * *
You scratch the yak.
The yak glows dangerously bright.
The yak is almost dead.
You completely miss the yak.
The yak is almost dead.
The yak barely misses you. The yak misses you.
You scratch the yak.
The yak shudders as magic cascades through it!!
You kill the yak!
The yak gores you!
* * * LOW HITPOINT WARNING * * *
You closely miss the yak.
The yak is almost dead.
The yak gores you!
* * * LOW HITPOINT WARNING * * *
The yak is stunned by your conviction and fails to attack.
Unknown command.
You feel much better. The yak gores you.
* * * LOW HITPOINT WARNING * * *
The yak gores you!
* * * LOW HITPOINT WARNING * * *
You scratch the yak but do no damage.
The yak begins to glow.
The yak is almost dead.
The yak is stunned by your conviction and fails to attack.
The yak closely misses you.
You scratch the yak but do no damage.
The yak glows dangerously bright.
The yak is almost dead.
The yak misses you. The yak gores you!
* * * LOW HITPOINT WARNING * * *
Unknown command.
You feel much better. The yak gores you!
* * * LOW HITPOINT WARNING * * *
The yak barely misses you.
You scratch the yak.
You kill the yak!
The yak gores you!
You die...

. .. ## ...
.. .... #.
.....#. #
......Y##.#
......YB..#
###########


You could see 2 yaks.

Vanquished Creatures
  4 yaks (D:8)
  A wyvern (D:8)
  Menkaure (D:4)
  Duvessa (D:4)
  A water moccasin (D:7)
  2 sky beasts
  2 black bears (D:7)
  A phantom (D:5)
  A kobold brigand (Sewer)
  3 bullfrogs
  3 scorpions
  A wight (D:8)
  4 killer bees (D:6)
  An electric eel (D:7)
  3 jellies
  2 gnoll boudas (D:7)
  5 orc priests
  A hound (D:5)
  2 iguanas
  4 sleepcaps
  Natasha (thrice) (D:2)
  5 orc wizards
  10 gnolls
  11 adders
  A white imp (D:6)
  An ufetubus (D:4)
  7 worms
  3 dart slugs
  31 orcs
  4 endoplasms
  5 giant cockroaches
  6 goblins
  7 hobgoblins
  3 jackals (D:1)
  2 quokkas
  9 ball pythons
  10 bats
  6 frilled lizards
  23 kobolds
  6 rats
196 creatures vanquished.

Vanquished Creatures (others)
  A centaur (D:7)
  A kobold (Sewer)
2 creatures vanquished.

Grand Total: 198 creatures vanquished

Notes
Turn   | Place    | Note
-------+----------+-------------------------------------------
     0 | D:1      | Turgor the Troll Shapeshifter began the quest for the Orb.
     0 | D:1      | Reached XP level 1. HP: 18/18 MP: 0/0
   119 | D:1      | Got the Tome of the Spider and the Wind
   225 | D:1      | Reached skill level 1 in Fighting
   228 | D:1      | Reached XP level 2. HP: 27/27 MP: 1/1
   550 | D:1      | Reached XP level 3. HP: 33/33 MP: 2/2
   735 | D:2      | Found a faded altar of an unknown god.
   863 | D:2      | Noticed Natasha
   876 | D:2      | Killed Natasha
   877 | D:2      | Reached XP level 4. HP: 41/41 MP: 3/3
  1182 | D:2      | Noticed Natasha
  1189 | D:2      | Killed Natasha
  1214 | D:2      | Noticed Natasha
  1225 | D:2      | Killed Natasha
  1546 | D:3      | Reached XP level 5. HP: 49/49 MP: 4/4
  1600 | D:3      | Reached skill level 4 in Shapeshifting
  2439 | D:4      | Found a shimmering blue altar of Sif Muna.
  2460 | D:4      | Noticed Menkaure
  2477 | D:4      | Killed Menkaure
  2478 | D:4      | Reached XP level 6. HP: 25/58 MP: 5/5
  2583 | D:4      | Found a sacrificial altar of Ru.
  2656 | D:4      | Became a worshipper of Ru the Awakened
  3164 | D:4      | Reached XP level 7. HP: 66/66 MP: 6/6
  3169 | D:4      | Found an ornate altar of the Wu Jian Council.
  3314 | D:4      | Noticed Dowan
  3317 | D:4      | Noticed Duvessa
  3318 | D:4      | Dowan changed into Dowan the iguana
  3318 | D:4      | Noticed Dowan
  3325 | D:4      | Killed Duvessa
  3326 | D:4      | Reached skill level 5 in Shapeshifting
  3331 | D:4      | Killed Dowan the iguana
  3419 | D:5      | Entered Level 5 of the Dungeon
  3786 | D:5      | Gained mutation: You are missing a hand. [Ru sacrifice]
  3786 | D:5      | Reached * piety under Ru
  3786 | D:5      | Reached ** piety under Ru
  3942 | D:5      | Reached skill level 5 in Unarmed Combat
  4221 | D:6      | Found a glowing drain.
  4232 | D:6      | Reached XP level 8. HP: 60/75 MP: 7/7
  4265 | Sewer    | Entered a sewer
  4584 | D:6      | Found a blossoming altar of Fedhas.
  4584 | D:6      | Found a shimmering altar of Xom.
  4585 | D:6      | Found a shadowy altar of Dithmenos.
  4639 | D:6      | Reached skill level 6 in Shapeshifting
  4735 | D:6      | Found a radiant altar of Vehumet.
  5158 | D:7      | Found a white marble altar of Elyvilon.
  5419 | D:7      | Reached XP level 9. HP: 85/85 MP: 8/8
  5465 | D:7      | Reached skill level 7 in Shapeshifting
  5482 | D:7      | Found a staircase to the Ecumenical Temple.
  5525 | D:7      | Found an iron altar of Okawaru.
  5892 | D:8      | Gained mutation: You are hated by all. [Ru sacrifice]
  5892 | D:8      | Reached *** piety under Ru
  5892 | D:8      | Reached **** piety under Ru
  5916 | D:8      | Reached skill level 5 in Dodging
  5930 | D:8      | Noticed Maurice
  5991 | D:8      | HP: 4/87 [yak (11)]
  5994 | D:8      | HP: 1/87 [yak (13)]
  5996 | D:8      | Slain by a yak

Illustrated notes

Levels and vault maps discovered:
D:1:      ncdulo_smallfort, layout_basic
D:2:      layout_basic, shapermc_ecumenical_altar_ellora,
          chequers_serial_rivers_micro_c, grunt_ministairs_13, uniq_natasha
D:3:      layout_basic
D:4:      layout_loops_corners, nzn_wu_jian_contemplation,
          lemuel_blue_sif_altar, mainiacjoe_overflow_boulevard, uniq_menkaure,
          uniq_duvessa
D:5:      layout_basic
D:6:      layout_rooms, mainiacjoe_overflow_surrounded_room,
          gammafunk_temple_overflow_forgotten, cheibrodos_sewer_entry_bend
D:7:      layout_loops_ring, kennysheep_little_box,
          mainiacjoe_overflow_24_doors, minmay_temple_entry_proselytizer,
          kennysheep_minor_cross
D:8:      minmay_the_grid_octo_tiled_octocenter
          [minmay_the_grid_octo_vomiting_pacman, minmay_the_grid_octo_chip,
          minmay_the_grid_octo_clover, minmay_the_grid_octo_pinwheel,
          minmay_the_grid_octo_prize_square_snowflake,
          minmay_the_grid_square_5x5_percent, minmay_the_grid_square_5x5_v,
          minmay_the_grid_square_5x5_bridge,
          minmay_the_grid_square_5x5_checkered_statues], layout_basic,
          mainiacjoe_overflow_small_starburst, uniq_erica, uniq_maurice,
          uniq_grum

Skill      XL: |  1  2  3  4  5  6  7  8  9 |
---------------+----------------------------+-----
Fighting       | 1 2 3 4 |  4.9
Dodging        | 2 3 4 5 |  5.2
Shapeshifting  | 4 5 6 7 |  7.7
Unarmed Combat | 4 5 6 |  6.7

Action                     |  1- 3 |  4- 6 |  7- 9 || total
---------------------------+-------+-------+-------++-------
  Melee: Unarmed           |    52 |   142 |   330 ||   524
         Punch             |       |     1 |     4 ||     5
  Throw: Stone             |       |     3 |       ||     3
         Boomerang         |       |     3 |       ||     3
 Invoke: Sacrifice a Hand  |       |       |     1 ||     1
         Sacrifice Love    |       |       |     1 ||     1
  Evoke: Wand              |       |       |     5 ||     5
    Use: Scroll            |       |     2 |    10 ||    12
         Potion            |       |     2 |     2 ||     4
   Stab: Sleeping          |     1 |     1 |     1 ||     3
         Distracted        |     1 |       |     1 ||     2
         Invisible         |       |       |     4 ||     4
 Armour: Animal skin       |    15 |    36 |    43 ||    94
         Skin              |       |    28 |       ||    28
  Dodge: Dodged            |    12 |    61 |   157 ||   230
   Form: Flux              |       |       |     1 ||     1

Table legend: (Time is in decaauts)
 A = Elapsed time spent in this place.
 B = Non-inter-level travel time spent in this place.
 C = Inter-level travel time spent in this place.
 D = Time resting spent in this place.
 E = Time spent auto-exploring this place.
 F = Levels seen in this place.
 G = Mean time per level.
                   A        B        C        D        E       F      G
               +--------+--------+--------+--------+--------+-----+--------+
         Total |   5929 |   5773 |    156 |    185 |   4035 |   9 |  658.8 |
       Dungeon |   5664 |   5508 |    156 |    185 |   3922 |   8 |  708.0 |
         Sewer |    264 |    264 |      0 |      0 |    113 |   1 |  264.0 |
               +--------+--------+--------+--------+--------+-----+--------+

Top non-repeatable levels by time:
     D:4: 1003 daAuts
     D:3: 899 daAuts
     D:7: 885 daAuts
     D:2: 760 daAuts
     D:1: 724 daAuts
     D:5: 693 daAuts
     D:6: 607 daAuts
   Sewer: 264 daAuts
     D:8: 90 daAuts
